 Dungeon Crawl Stone Soup version 0.29-a0-270-g1586fc07ea (webtiles) character file.

Game seed: 1939280694554387740

32 bearlyready the Vexing (level 3, 0/21 HPs)
             Began as a Kobold Arcane Marksman on Mar 7, 2022.
             Slain by a gnoll
             ... wielding a +0 spear
              (3 damage)
             ... on level 2 of the Dungeon.
             The game lasted 00:02:00 (1724 turns).

bearlyready the Vexing (Kobold Arcane Marksman)     Turns: 1724, Time: 00:02:00

Health: 0/21       AC:  2    Str:  7    XL:     3   Next: 45%
Magic:  5/5        EV: 15    Int: 14    God:
Gold:   88         SH:  0    Dex: 17    Spells: 4/5 levels left

rFire   . . .      SeeInvis .   a - +0 hand crossbow
rCold   . . .      Faith    .   (no shield)
rNeg    . . .      Spirit   .   b - +0 robe
rPois   .          Reflect  .   (no helmet)
rElec   .          Harm     .   (no cloak)
rCorr   .          Rampage  .   (no gloves)
Will    .....                   (no boots)
Stlth   +++.......              (no amulet)
HPRegen 0.07/turn               (no ring)
MPRegen 0.09/turn               (no ring)

@: no status effects
A: small, no large weapons, nightstalker 3
a: no special abilities


You were on level 2 of the Dungeon.
You visited 1 branch of the dungeon, and saw 2 of its levels.

You collected 88 gold pieces.

Inventory:

Hand Weapons
 a - a +0 hand crossbow (weapon)
Missiles
 d - 66 stones
 h - 8 poisoned darts
Armour
 b - a +0 robe (worn)
Jewellery
 k - a ring of ice
Scrolls
 c - a scroll of vulnerability
 f - a scroll of enchant weapon {unknown}
Potions
 e - a potion of mutation {unknown}
 g - a potion of flight {unknown}
 i - a potion of haste {unknown}
 j - a potion of ambrosia {unknown}


   Skills:
 + Level 1.7 Fighting
 + Level 3.2 Crossbows
 + Level 2.9 Dodging
 + Level 1.6 Spellcasting
 + Level 3.2 Hexes


You had 4 spell levels left.
You knew the following spells:

 Your Spells              Type           Power      Damage    Failure   Level
a - Slow                  Hex            40%        N/A       6%          1

Your spell library contained the following spells:

 Spells                   Type           Power      Damage    Failure   Level
 Inner Flame              Hex/Fire       5%         N/A       36%         3
 Portal Projectile        Hex/Tloc       10%        N/A       36%         3
 Cause Fear               Hex            5%         N/A       54%         4
 Iskenderun's Battlesphe  Conj           1%         2d6       100%        5
 Iron Shot                Conj/Erth      0%         9d1       100%        6
 Spellforged Servitor     Conj/Summ      0%         N/A       100%        7


Dungeon Overview and Level Annotations

Branches:
Dungeon (2/15)

Altars:

Shops:
D:1 [(*


Innate Abilities, Weirdness & Mutations

You are small and have problems with some larger weapons.
You are completely attuned to the shadows.


Message History

The bat misses you. The bat hits you. The bat closely misses you.
You shoot a bolt. The bolt closely misses the bat.
The bolt hits the endoplasm!
You kill the endoplasm!
The bat hits you but does no damage.
You shoot a bolt. The bolt completely misses the bat.
The bolt hits the goblin!
You kill the goblin!
The bat barely misses you. The bat closely misses you.
The bat barely misses you.
You shoot a bolt. The bolt hits the bat.
The bat is severely wounded.
The bat hits you but does no damage. The bat barely misses you.
You shoot a bolt. The bolt misses the bat.
The bolt hits the gnoll.
The gnoll is lightly wounded.
The bat misses you.
You shoot a bolt. The bolt barely misses the bat.
The bolt hits the gnoll.
The gnoll is heavily wounded.
The bat hits you but does no damage. The bat misses you.
The bat hits you but does no damage. The bat misses you.
You shoot a bolt. The bolt hits the bat.
You kill the bat!
The gnoll attacks as you move away! The gnoll hits you with a +0 whip!
The gnoll attacks as you move away! The gnoll closely misses you.
The gnoll attacks as you move away! The gnoll hits you with a +0 whip.
The gnoll attacks as you move away! The gnoll misses you.
The gnoll attacks as you move away! The gnoll closely misses you.
The gnoll attacks as you move away! The gnoll hits you with a +0 whip.
Casting: Slow (safe; 6% risk of failure)
Confirm with . or Enter, or press ? or * to list all spells.
Aiming: Slow (safe; 6% risk of failure)
Press: ? - help, Shift-Dir - straight line, f - gnoll
Aim: a gnoll, wielding a +0 whip (heavily wounded, chance to affect: 57%)
The gnoll seems to slow down.
The gnoll hits you with a +0 whip.
* * * LOW HITPOINT WARNING * * *
Okay, then.
Okay, then.
There is a stone staircase leading up here.
The gnoll hits you from afar with a +0 spear.
You die...

#...........
#...........
#...........
####.#####
#.## #..##
#g..##
###.#..#
#..@##.#
#...##.#
#...##.#
#...##.#
#...##.#
#.## #..#
##.# #.#####


You could see a gnoll.

Vanquished Creatures
  A gnoll (D:2)
  A dart slug (D:1)
  4 ball pythons (D:1)
  6 endoplasms
  2 hobgoblins
  2 kobolds (D:1)
  A bat (D:2)
  A frilled lizard (D:1)
  A goblin (D:2)
19 creatures vanquished.

Notes
Turn   | Place    | Note
-------+----------+-------------------------------------------
     0 | D:1      | bearlyready the Kobold Arcane Marksman began the quest for
                  | the Orb.
     0 | D:1      | Reached XP level 1. HP: 12/12 MP: 2/2
   724 | D:1      | Found a faded altar of an unknown god.
   749 | D:1      | Reached XP level 2. HP: 16/16 MP: 3/3
   915 | D:1      | Found Boethros's Assorted Antiques.
   997 | D:1      | Found Koir's Antique Weapon Boutique.
  1047 | D:1      | Found Tawnior's Antique Armour Shoppe.
  1387 | D:2      | Reached XP level 3. HP: 21/21 MP: 5/5
  1724 | D:2      | Slain by a gnoll

Illustrated notes

Levels and vault maps discovered:
D:1:      giann_horns, layout_basic, serial_shops, shop,
          nicolae_shop_statue_plus, nicolae_shop_behind_doors,
          dreamdust_ecumenical_altar_grove
D:2:      layout_rooms, chequers_arboretum

Skill      XL: |  1  2 |
---------------+-------+-----
Crossbows      | 3 |  3.2
Fighting       | |  1.7
Dodging        | |  2.9
Spellcasting   | |  1.6
Hexes          | |  3.2

Action                   || total
-------------------------++-------
 Fire: Hand crossbow     ||    59
 Cast: Slow              ||     4
Armor: Robe              ||     8
Dodge: Dodged            ||    38

Table legend: (Time is in decaauts)
 A = Elapsed time spent in this place.
 B = Non-inter-level travel time spent in this place.
 C = Inter-level travel time spent in this place.
 D = Time resting spent in this place.
 E = Time spent auto-exploring this place.
 F = Levels seen in this place.
 G = Mean time per level.
                   A        B        C        D        E       F      G
               +--------+--------+--------+--------+--------+-----+--------+
         Total |   1746 |   1699 |     47 |    174 |   1341 |   2 |  873.0 |
       Dungeon |   1746 |   1699 |     47 |    174 |   1341 |   2 |  873.0 |
               +--------+--------+--------+--------+--------+-----+--------+

Top non-repeatable levels by time:
     D:1: 1589 daAuts
     D:2: 156 daAuts
